 Dungeon Crawl Stone Soup version 0.22-a0-284-g99d1f74 (webtiles) character file.

8360 Amnesiac the Spear-Bearer (level 11, -2/96 HPs)
             Began as a Tengu Venom Mage on Mar 22, 2018.
             Was an Initiate of Gozag.
             Succumbed to darksquall's ghost's poison
             ... on level 10 of the Dungeon.
             The game lasted 00:27:22 (10389 turns).

Amnesiac the Spear-Bearer (Tengu Venom Mage)       Turns: 10389, Time: 00:27:23

Health: -2/96      AC: 16    Str: 13 (15) XL:     11   Next: 29%
Magic:  24/24      EV: 20    Int: 15 (18) God:    Gozag
Gold:   2199       SH:  0    Dex: 15 (16) Spells: 20/26 levels left

rFire    + + .     SeeInvis +   a - +8 glaive of the Guard {elec, +Rage AC+5 SInv}
rCold    x . .     Gourm    .   (shield currently unavailable)
rNeg     . . .     Faith    .   B - +1 fire dragon scales
rPois    .         Spirit   .   (helmet restricted)
rElec    .         Reflect  .   (no cloak)
rCorr    .         Harm     .   (no gloves)
MR       .....                  (boots unavailable)
Stlth    ..........             h - amulet of rage
HPRegen  0.26/turn              y - -3 ring of dexterity (curse)
MPRegen  0.19/turn              (no ring)

@: agile, berserking (expiring), lethally poisoned (-2 -> -42), flying quickly
and evasively, hasted, very quick
A: beak, talons 3, able to fly 1
a: Potion Petition, Call Merchant, Bribe Branch, Renounce Religion, Evoke
Berserk Rage


You were on level 10 of the Dungeon.
You worshipped Gozag.
Gozag was most pleased with you.
You were not hungry.

You visited 2 branches of the dungeon, and saw 11 of its levels.

You collected 2236 gold pieces.
You paid 37 gold pieces to Gozag.

Inventory:

Hand Weapons
 a - the +8 glaive of the Guard (weapon) {elec, +Rage AC+5 SInv}
   (You found it on level 5 of the Dungeon)

   Occasionally, upon striking a foe, it will discharge some electrical energy
   and cause terrible harm.
   It affects your AC (+5).
   It lets you see invisible.
   It lets you go berserk.
 b - a +1 blowgun
 i - the +1 long sword "Runio" {slice, Dex+2, unknown}
   (You took it off an orc on level 7 of the Dungeon)

   It inflicts extra damage upon your enemies.
   It affects your dexterity (+2).
Missiles
 p - 36 poisoned needles
 r - 41 stones (quivered)
Armour
 n - a +0 pair of gloves
 B - +1 fire dragon scales (worn)
 F - a +0 cloak
Jewellery
 h - an amulet of rage (around neck)
 l - an uncursed amulet of magic regeneration
 y - a cursed -3 ring of dexterity (left hand)
 D - an uncursed amulet of the gourmand
Wands
 t - a wand of iceblast (6)
 C - a wand of flame (12)
 L - a wand of polymorph (14)
Scrolls
 e - a scroll of blinking {!r}
 f - 11 scrolls of identify {!r}
 q - 6 scrolls of teleportation {!r}
 s - 2 scrolls of enchant armour {!r}
 v - a scroll of fear {!r}
 x - 3 scrolls of magic mapping {!r}
 A - 2 scrolls of remove curse {!r}
 J - a scroll of amnesia {!r, unknown}
 K - a scroll of summoning {!r, unknown}
Potions
 j - 3 potions of berserk rage {!q}
 k - 3 potions of ambrosia {!q}
 m - a potion of curing {!q}
 o - a potion of flight {!q}
 u - a potion of might {!q}
 w - a potion of magic {!q}
 E - a potion of resistance {!q}
 I - a potion of haste {!q}
Comestibles
 c - 6 rations


   Skills:
 + Level 5.7 Fighting
 * Level 9.6 Polearms
 + Level 6.3 Armour
 + Level 6.3 Dodging
 - Level 2.0 Stealth
 - Level 8.1 Spellcasting
 - Level 4.0 Conjurations
 - Level 8.0 Air Magic
 - Level 3.0 Poison Magic


You had 20 spell levels left.
You knew the following spells:

 Your Spells              Type           Power        Failure   Level  Hunger
a - Poisonous Vapours     Pois/Air       ###...       10%         2    None
d - Sting                 Conj/Pois      ###.         16%         1    None
e - Mephitic Cloud        Conj/Pois/Air  ###.....     24%         3    ##.....


Dungeon Overview and Level Annotations

Branches:
Dungeon (10/15)            Temple (1/1) D:5            Lair (0/6) D:9
    Orc: D:9-12

Altars:
Ashenzari
Cheibriados
Dithmenos
Elyvilon
Fedhas
Gozag
Hepliaklqana
Kikubaaqudgha
Makhleb
Nemelex Xobeh
Okawaru
Qazlal
Ru
Sif Muna
Trog
Uskayaw
Vehumet
Wu Jian
Xom
Yredelemnul
Zin
The Shining One

Shops:
D:6 *

Annotations:
D:10 darksquall's ghost, journeyman DrMo


Innate Abilities, Weirdness & Mutations

You have a beak for a mouth.
You have claws for feet.
You can fly.


Message History

The worker ant zombie closely misses you.
You hit darksquall's ghost.
Darksquall's ghost is lightly damaged.
You feel sick. Darksquall's ghost closely misses you.
The worker ant zombie closely misses you.
You closely miss darksquall's ghost. You claw darksquall's ghost!
Darksquall's ghost is moderately damaged.
You feel sick.
Darksquall's ghost hits you but does no damage.
You are more poisoned.
The worker ant zombie closely misses you.
You barely miss darksquall's ghost.
Darksquall's ghost is moderately damaged.
You feel sick.
Darksquall's ghost screams at you, "You cannot imagine the pain and torment in store for you!"
Darksquall's ghost hits you!
* * * LOW HITPOINT WARNING * * *
You are more poisoned.
Your fire dragon scales prevents you from hitting darksquall's ghost.
Darksquall's ghost is moderately damaged.
You feel sick. The worker ant zombie misses you.
You miss darksquall's ghost.
You claw darksquall's ghost, but do no damage.
Darksquall's ghost is moderately damaged.
You feel sick. Darksquall's ghost hits you.
* * * LOW HITPOINT WARNING * * *
You are more poisoned.
The worker ant zombie completely misses you.
You barely miss darksquall's ghost.
You claw darksquall's ghost, but do no damage.
Darksquall's ghost is moderately damaged.
You feel sick. Darksquall's ghost closely misses you.
The worker ant zombie misses you.
Your fire dragon scales prevents you from hitting darksquall's ghost.
Darksquall's ghost is moderately damaged.
You feel sick.
Darksquall's ghost hits you but does no damage.
You are lethally poisoned!
The worker ant zombie barely misses you.
Your fire dragon scales prevents you from hitting darksquall's ghost.
Darksquall's ghost is moderately damaged.
* * * LOW HITPOINT WARNING * * *
You feel sick. Darksquall's ghost hits you!
* * * LOW HITPOINT WARNING * * *
The worker ant zombie misses you.
You slice darksquall's ghost!!
Lightning courses through darksquall's ghost!
Darksquall's ghost is heavily damaged.
* * * LOW HITPOINT WARNING * * *
You feel very sick. Darksquall's ghost hits you!
* * * LOW HITPOINT WARNING * * *
You are more poisoned.
You closely miss darksquall's ghost.
Darksquall's ghost is heavily damaged.
* * * LOW HITPOINT WARNING * * *
You feel very sick.
The worker ant zombie barely misses you.
You hit darksquall's ghost.
Lightning courses through darksquall's ghost!
You peck darksquall's ghost!
Darksquall's ghost is severely damaged.
You die...
Your body crumbles into a pile of gold.

.# ..# #.# #.# #.# #.#
################.#
......Z@WO.....$.#
..##############.# #.# #.#
..##############.#
..................#
#.................#
#.................#
#########.................#


You could see an ogre, darksquall's ghost and a worker ant zombie.

Vanquished Creatures
  A two-headed ogre (D:9)
  The ghost of Gildeon the Conjurer, a novice DgCj (D:6)
  A manticore (D:10)
  A troll (D:10)
  Sigmund (D:2)
  A yak (D:9)
  A hungry ghost (D:10)
  A water moccasin (D:6)
  3 porcupines (D:9)
  3 orc warriors
  4 black bears (D:9)
  3 ice beasts
  2 phantoms (D:5)
  2 necrophages
  4 sky beasts
  4 ogres
  2 crocodiles
  2 big kobolds
  Blork the orc (D:5)
  7 bullfrogs
  A wyvern zombie (D:9)
  A gnoll sergeant (D:9)
  3 jellies
  4 scorpions
  19 killer bees
  9 wights
  An electric eel (D:9)
  5 crimson imps
  2 centaur zombies (D:5)
  3 bullfrog zombies
  5 hounds
  A quasit (D:7)
  5 orc priests
  4 bullfrog skeletons
  2 gnoll shamans (D:5)
  3 orc wizards
  3 iguanas
  3 worker ants
  A worker ant zombie (D:10)
  39 gnolls
  14 adders
  A shadow imp (D:6)
  3 adder skeletons
  A dart slug (D:1)
  4 leopard geckos
  22 orcs
  A bat (D:3)
  6 giant cockroaches
  4 goblins
  4 hobgoblins
  21 jackals
  2 quokkas
  A ball python (D:2)
  2 frilled lizards (D:2)
  11 kobolds
  A leopard gecko zombie (D:9)
  2 quokka zombies (D:5)
  5 rats
264 creatures vanquished.

Vanquished Creatures (others)
  An adder (D:6)
  4 fungi (D:9)
  2 plants (D:9)
7 creatures vanquished.

Grand Total: 271 creatures vanquished

Notes
Turn   | Place    | Note
-------+----------+-------------------------------------------
     0 | D:1      | Amnesiac the Tengu Venom Mage began the quest for the Orb.
     0 | D:1      | Reached XP level 1. HP: 10/10 MP: 4/4
   216 | D:1      | Reached XP level 2. HP: 15/15 MP: 3/6
   220 | D:1      | Learned a level 2 spell: Poisonous Vapours
   812 | D:2      | Reached skill level 1 in Air Magic
   812 | D:2      | Reached XP level 3. HP: 18/19 MP: 3/7
   978 | D:2      | Learned a level 3 spell: Mephitic Cloud
  1031 | D:2      | Reached XP level 4. HP: 24/24 MP: 5/8
  1190 | D:2      | Noticed Sigmund
  1213 | D:2      | Killed Sigmund
  1213 | D:2      | Reached skill level 5 in Air Magic
  1213 | D:2      | Gained mutation: You can fly. [Tengu growth]
  1213 | D:2      | Reached XP level 5. HP: 13/28 MP: 3/10
  1213 | D:2      | Reached XP level 6. HP: 14/32 MP: 3/11
  1811 | D:3      | Reached skill level 1 in Fighting
  1825 | D:3      | Found an opulent altar of Gozag.
  1852 | D:3      | Became a worshipper of Gozag Ym Sagoz the Greedy
  2054 | D:3      | Found an iron altar of Okawaru.
  2376 | D:4      | Reached XP level 7. HP: 39/39 MP: 5/13
  2559 | D:3      | Found a sparkling altar of Nemelex Xobeh.
  3123 | D:5      | Entered Level 5 of the Dungeon
  3224 | D:5      | Found a staircase to the Ecumenical Temple.
  3232 | Temple   | Entered the Ecumenical Temple
  3818 | D:5      | Reached skill level 5 in Spellcasting
  3912 | D:5      | Found the +8 glaive of the Guard {elec, +Rage AC+5 SInv}
  4035 | D:5      | Reached XP level 8. HP: 20/44 MP: 15/17
  4253 | D:5      | Noticed Blork the orc
  4325 | D:5      | Killed Blork the orc
  4368 | D:5      | Reached skill level 1 in Polearms
  4711 | D:5      | Reached skill level 2 in Polearms
  4844 | D:5      | Reached skill level 3 in Polearms
  4940 | D:5      | Reached skill level 4 in Polearms
  5461 | D:6      | Reached XP level 9. HP: 35/48 MP: 20/20
  5941 | D:6      | Found Qireaq's Serpentskin Sales.
  6211 | D:6      | Noticed Gildeon's ghost (novice DgCj)
  6872 | D:6      | Killed Gildeon's ghost
  6872 | D:6      | Reached skill level 5 in Polearms
  6978 | D:7      | Reached skill level 6 in Polearms
  7059 | D:7      | Reached XP level 10. HP: 56/56 MP: 23/23
  7323 | D:7      | Got a brightly glowing long sword {slice}
  7542 | D:8      | Reached skill level 7 in Polearms
  7849 | D:8      | Found a blossoming altar of Fedhas.
  8490 | D:8      | Reached skill level 5 in Dodging
  8690 | D:9      | Reached skill level 5 in Armour
  8843 | D:9      | Found a staircase to the Lair.
  8852 | D:9      | Reached skill level 8 in Polearms
  8882 | D:9      | Reached skill level 5 in Fighting
  9102 | D:9      | Reached XP level 11. HP: 60/63 MP: 24/24
  9246 | D:9      | Reached skill level 9 in Polearms
  9357 | D:9      | Noticed a two-headed ogre
  9399 | D:9      | Killed a two-headed ogre
 10115 | D:10     | Entered Level 10 of the Dungeon
 10146 | D:10     | Noticed a manticore
 10149 | D:10     | Noticed a two-headed ogre
 10161 | D:10     | Killed a manticore
 10198 | D:10     | Paralysed by fainting for 6 turns
 10271 | D:10     | Noticed darksquall's ghost (journeyman DrMo)
 10388 | D:10     | HP: 2/96 [poisoned by darksquall's ghost]
 10389 | D:10     | Succumbed to darksquall's ghost's poison

Vault maps used:
D:1:      dpeg_arrival_rooms_with_view, minivault_26
D:2:      uniq_sigmund
D:3:      lemuel_upstairs_altar, okawaru_gym_becter,
          minmay_misc_feat_more_columns,
          nicolae_gozag_cash_rules_everything_around_me
D:4:      first_ration
D:5:      lemuel_castle_with_subvaults, minmay_temple_entry_statues_fountains,
          uniq_blork_the_orc
D:6:      guppyfry_shop_venom
D:8:      basic_altar
D:9:      due_lair_maze_entry_diamond
D:10:     basic_altar, enter_bailey_3, the_bakery, uniq_snorg
Temple:   kilobyte_greek_temple

Skill      XL: |  1  2  3  4  5  6  7  8  9 10 11 |
---------------+----------------------------------+-----
Conjurations   | 2 3 4 |  4.0
Air Magic      | 1 3 5 6 7 8 |  8.0
Spellcasting   | 3 5 7 8 |  8.1
Fighting       | 1 3 5 |  5.7
Armour         | 2 3 5 6 |  6.3
Polearms       | 4 6 8 9 |  9.6
Dodging        | 3 5 6 |  6.3
Stealth        | |  2.0
Poison Magic   | |  3.0

Action                   |  1- 3 |  4- 6 |  7- 9 | 10-12 || total
-------------------------+-------+-------+-------+-------++-------
Melee: War axe           |       |       |    24 |       ||    24
       Unarmed           |       |       |    22 |       ||    22
       Kick              |       |       |    27 |    29 ||    56
       Peck              |       |       |    21 |    11 ||    32
       Glaive            |       |       |   176 |   222 ||   398
 Cast: Sting             |    31 |       |       |       ||    31
       Poisonous Vapours |     5 |    65 |   120 |    62 ||   252
       Mephitic Cloud    |       |       |       |    10 ||    10
Invok: Potion Petition   |       |       |       |     1 ||     1
Evoke: Wand              |       |       |    11 |    20 ||    31
  Use: Potion            |     1 |       |     7 |     6 ||    14
       Scroll            |       |       |    10 |     1 ||    11
 Stab: Paralysed         |       |       |     3 |       ||     3
       Distracted        |       |       |     2 |     2 ||     4
       Sleeping          |       |       |     2 |       ||     2
       Confused          |       |       |       |     3 ||     3
  Eat: Chunk             |     1 |     6 |       |       ||     7
       Ration            |       |       |     5 |     4 ||     9
Armor: Robe              |     1 |       |    48 |       ||    49
       Fire dragon scale |       |       |    25 |   186 ||   211
Dodge: Dodged            |     8 |     6 |   166 |   149 ||   329

Table legend:
 A = Spawn XP
 B = Non-spawn XP
 C = Spawn XP percentage of total XP
 D = Spawn monster count
 E = Non-spawn monster count
 F = Spawn count percentage of total count
 G = Total turns spent on level
                    A         B        C        D         E        F      G
               +---------+---------+-------+---------+---------+-------+---------
         Total |       0 |   11944 |   0.0 |       0 |     264 |   0.0 | 10389
               +---------+---------+-------+---------+---------+-------+---------
           D:1 |       0 |      11 |   0.0 |       0 |       6 |   0.0 |   585
           D:2 |       0 |     364 |   0.0 |       0 |      19 |   0.0 |  1160
           D:3 |       0 |     163 |   0.0 |       0 |      24 |   0.0 |   605
           D:4 |       0 |     234 |   0.0 |       0 |      11 |   0.0 |   800
           D:5 |       0 |    1398 |   0.0 |       0 |      67 |   0.0 |  2035
           D:6 |       0 |    1890 |   0.0 |       0 |      29 |   0.0 |  1607
           D:7 |       0 |    1229 |   0.0 |       0 |      21 |   0.0 |   515
           D:8 |       0 |    2014 |   0.0 |       0 |      40 |   0.0 |  1210
           D:9 |       0 |    3644 |   0.0 |       0 |      41 |   0.0 |  1455
          D:10 |       0 |     997 |   0.0 |       0 |       6 |   0.0 |   274
               +---------+---------+-------+---------+---------+-------+---------
